 Dungeon Crawl Stone Soup version 0.26.1-11-gd32895ea62 (webtiles) character file.

Game seed: 2915880493285525581

1212 alexmat1496 the Slasher (level 8, -1/61 HPs)
             Began as a Human Fighter on May 20, 2021.
             Was an Initiate of the Shining One.
             Slain by Maggie
             ... wielding a +0 broad axe
              (11 damage)
             ... on level 6 of the Dungeon.
             The game lasted 00:20:27 (6308 turns).

alexmat1496 the Slasher (Human Fighter)             Turns: 6308, Time: 00:20:27

Health: -1/61      AC: 14    Str: 17    XL:     8   Next: 74%
Magic:  8/8        EV:  8    Int: 11    God:    the Shining One [......]
Gold:   185        SH:  7    Dex: 12    Spells: 7/7 levels left

rFire    . . .     SeeInvis .   a - +2 long sword
rCold    . . .     Faith    .   h - +2 buckler
rNeg     . . .     Spirit   .   n - +0 chain mail (curse)
rPois    .         Reflect  .   m - +0 helmet
rElec    .         Harm     .   (no cloak)
rCorr    +         Rampage  .   k - +0 pair of gloves
Will     .....                  e - +1 pair of boots
Stlth    ..........             p - amulet of magic regeneration
HPRegen  0.20/turn              q - ring of resist corrosion
MPRegen  0.36/turn              t - ring of stealth

@: mesmerised, glowing
A: no striking features
a: Renounce Religion


You were on level 6 of the Dungeon.
You worshipped the Shining One.
The Shining One was noncommittal.
You visited 2 branches of the dungeon, and saw 7 of its levels.
You also visited: Ossuary.

You collected 185 gold pieces.

Inventory:

Hand Weapons
 a - a +2 long sword (weapon)
 i - a +0 hunting sling
Missiles
 j - 13 sling bullets
Armour
 b - a +0 scale mail
 e - a +1 pair of boots (worn)
 h - a +2 buckler (worn)
 k - a +0 pair of gloves (worn)
 m - a +0 helmet (worn)
 n - a cursed +0 chain mail (worn)
Jewellery
 p - an amulet of magic regeneration (around neck)
 q - a ring of resist corrosion (left hand)
 t - a ring of stealth (right hand)
Wands
 r - a wand of polymorph (6)
 u - a wand of acid (7)
 E - a wand of digging (6)
Scrolls
 l - a scroll of fog
 y - 2 scrolls of noise
 z - 3 scrolls of teleportation {unknown}
 C - 2 scrolls of remove curse
 D - 3 scrolls of random uselessness
Potions
 c - a potion of invisibility {unknown}
 d - a potion of might
 f - 2 potions of flight
 g - a potion of berserk rage
 o - a potion of brilliance
 s - a potion of attraction
 v - 2 potions of heal wounds
 w - 2 potions of lignification
 x - 2 potions of mutation
 A - a potion of ambrosia {unknown}
 B - a potion of curing {unknown}


   Skills:
 * Level 4.4 Fighting
 * Level 5.8 Long Blades
 * Level 3.1 Slings
 * Level 5.2 Armour
 * Level 3.1 Dodging
 * Level 4.5 Shields


You had 7 spell levels left.
You didn't know any spells.
Your spell library was empty.

Dungeon Overview and Level Annotations

Branches:
Dungeon (6/15)             Temple (1/1) D:5         Ossuary (visited)

Altars:
Ashenzari
Cheibriados
Dithmenos
Fedhas
Gozag
Hepliaklqana
Kikubaaqudgha
Makhleb
Nemelex Xobeh
Okawaru
Qazlal
Ru
Trog
Uskayaw
Wu Jian
Yredelemnul
Zin
The Shining One

Annotations:
D:4 Prince Ribbit
D:6 Maggie


Message History

Maggie says, "If you die in the Dungeon, but nobody's around to see it, does it really matter?"
Maggie casts a spell at you. The bolt of fire hits you.
You hit Maggie but do no damage.
Maggie is moderately wounded.
Maggie hits you with a +0 broad axe.
You slash Maggie!
Maggie is heavily wounded.
Maggie gestures wildly while chanting.
Maggie draws you further into her thrall.
You hit Maggie.
Maggie is heavily wounded.
Maggie points at you and mumbles some strange words.
The bolt of fire hits you!!
Ouch! That really hurt!
* * * LOW HITPOINT WARNING * * *
You barely miss Maggie.
Maggie is heavily wounded.
Maggie hits you with a +0 broad axe!
You die...

#.# #.# #.#
#.# #.# #.#
###.#
#...########
#+#.@@(.....
+.########
#.. ..# ####


You could see Maggie (mesmerising).

Vanquished Creatures
  Edmund (D:4)
  A sky beast (D:5)
  2 phantoms (D:4)
  An ogre (D:4)
  2 centaurs (D:5)
  2 centaur zombies (Ossuary)
  2 orc wizards
  A centaur skeleton (D:5)
  An iguana (D:6)
  A worker ant (D:4)
  Natasha (thrice) (D:4)
  3 big kobold zombies (Ossuary)
  2 hound skeletons
  3 mummies (Ossuary)
  7 adders
  An ufetubus (D:4)
  4 worms
  3 dart slugs
  18 orcs
  4 bats
  5 giant cockroaches
  3 hobgoblins
  7 jackals
  11 kobolds
  A quokka (D:2)
  5 frilled lizards
  A gnoll zombie (Ossuary)
  8 goblins
  A leopard gecko skeleton (D:6)
  2 orc zombies (Ossuary)
  8 rats
114 creatures vanquished.

Vanquished Creatures (others)
  3 plants
3 creatures vanquished.

Grand Total: 117 creatures vanquished

Notes
Turn   | Place    | Note
-------+----------+-------------------------------------------
     0 | D:1      | alexmat1496 the Human Fighter began the quest for the Orb.
     0 | D:1      | Reached XP level 1. HP: 18/18 MP: 1/1
   342 | D:1      | Reached XP level 2. HP: 24/24 MP: 2/2
   784 | D:1      | Reached XP level 3. HP: 29/29 MP: 3/3
  1557 | D:2      | Reached XP level 4. HP: 35/35 MP: 4/4
  1703 | D:2      | Reached skill level 1 in Slings
  1946 | D:2      | Found a basalt altar of Yredelemnul.
  2209 | D:3      | Reached XP level 5. HP: 37/41 MP: 5/5
  2267 | D:3      | Reached skill level 1 in Dodging
  2487 | D:3      | Found a blossoming altar of Fedhas.
  2527 | D:3      | Found a hazy altar of Hepliaklqana.
  2931 | D:3      | Reached XP level 6. HP: 41/47 MP: 6/6
  3361 | D:4      | Noticed a phantom
  3401 | D:4      | Noticed Natasha
  3403 | D:4      | Killed a phantom
  3416 | D:4      | Killed Natasha
  3422 | D:4      | Noticed Natasha
  3463 | D:4      | Killed Natasha
  3464 | D:4      | Reached XP level 7. HP: 34/53 MP: 7/7
  3583 | D:4      | Noticed Edmund
  3600 | D:4      | Killed Edmund
  3633 | D:4      | Noticed Natasha
  3639 | D:4      | Killed Natasha
  4222 | D:5      | Entered Level 5 of the Dungeon
  4222 | D:5      | Found a sand-covered staircase.
  4253 | D:5      | Noticed Prince Ribbit
  4535 | D:5      | Reached XP level 8. HP: 55/60 MP: 8/8
  4561 | Ossuary  | Entered an ossuary
  4833 | Ossuary  | Reached skill level 5 in Long Blades
  5580 | D:5      | Reached skill level 5 in Armour
  5653 | D:5      | Found a staircase to the Ecumenical Temple.
  5666 | Temple   | Entered the Ecumenical Temple
  5724 | Temple   | Became a worshipper of the Shining One
  5925 | D:5      | Found an opulent altar of Gozag.
  6294 | D:6      | Noticed Maggie
  6308 | D:6      | Slain by Maggie

Illustrated notes

Levels and vault maps discovered:
D:1:      onia_arrival_mini_maze, layout_basic
D:2:      layout_basic, marbit_many_paths, solitary_fountain
D:3:      layout_loops_ring, lemuel_crystal_altar, lemuel_round_altar
D:4:      layout_basic, uniq_natasha, uniq_edmund
D:5:      layout_gridville, grunt_gozag_statues, minmay_temple_entry_wispy,
          enter_ossuary_1, minmay_misc_feat_enclosed, serial_bayou_crossing,
          uniq_prince_ribbit1
D:6:      layout_basic, xom_redecorated, kennysheep_mini, uniq_maggie
Temple:   jpeg_temple_clearing

Skill      XL: |  1  2  3  4  5  6  7  8 |
---------------+-------------------------+-----
Slings         | 1 2 3 |  3.1
Long Blades    | 3 4 5 |  5.8
Dodging        | 1 2 3 |  3.1
Armour         | 4 5 |  5.2
Shields        | 4 |  4.5
Fighting       | 4 |  4.4

Action                   |  1- 3 |  4- 6 |  7- 9 || total
-------------------------+-------+-------+-------++-------
Melee: Long sword        |    74 |   200 |   200 ||   474
 Fire: Hunting sling     |    26 |    32 |     9 ||    67
  Use: Scroll            |     4 |     6 |     9 ||    19
Armor: Scale mail        |    44 |    88 |       ||   132
       Chain mail        |       |    41 |    90 ||   131
Dodge: Dodged            |    29 |    95 |    46 ||   170
Block: Kite shield       |     5 |       |       ||     5
       Buckler           |    20 |    79 |    54 ||   153
       Rpst.: Long sword |    11 |    22 |    11 ||    44
